 Dungeon Crawl Stone Soup version 0.30-a0-614-ge5ea1257c2 (webtiles) character file.

Game seed: 1124430223870446350

340 M4edhros the Sneak (level 6, 0/40 HPs)
             Began as an Octopode Artificer on Jan 9, 2023.
             Succumbed to a kobold brigand's curare-tipped dart
             ... in a sewer.
             The game lasted 00:03:13 (897 turns).

M4edhros the Sneak (Octopode Artificer)              Turns: 897, Time: 00:03:14

Health: 0/40       AC:  1    Str: 11    XL:     6   Next: 56%
Magic:  6/6        EV: 14    Int: 13    God:
Gold:   24         SH:  0    Dex: 15    Spells: 5/5 levels left

rFire   . . .      SeeInvis .    p - +2 dagger (protect)
rCold   . . .      Faith    .    (no shield)
rNeg    . . .      Spirit   .    (helmet restricted)
rPois   .          Reflect  .    (no amulet)
rElec   .          Harm     .    i - ring of flight
rCorr   .          Rampage  .    (no ring)
Will    .....                    (no ring)
Stlth   +++++                    (no ring)
HPRegen 0.26/turn                (no ring)
MPRegen 0.10/turn                (no ring)
                                 (no ring)
                                 (no ring)

@: lethally poisoned (0 -> -13), flying, slowed, invisible, very slow
A: almost no armour, amphibious, 8 rings, camouflage 1, gelatinous body 1,
nimble swimmer 1, tentacles
a: no special abilities


You were in a sewer.
You visited 1 branch of the dungeon, and saw 5 of its levels.
You also visited: Sewer.

You collected 24 gold pieces.

Inventory:

Hand Weapons
 k - a +0 sling
 p - a +2 dagger of protection (weapon)
Missiles
 a - a curare-tipped dart
 n - 4 poisoned darts (quivered)
Jewellery
 i - a ring of flight (left tentacle)
Wands
 b - a wand of flame (5)
 c - a wand of charming (14)
 d - a wand of iceblast (4)
Scrolls
 e - 2 scrolls of amnesia {unknown}
 f - a scroll of vulnerability {unknown}
 g - 3 scrolls of identify {unknown}
 h - a scroll of enchant armour {unknown}
 j - a scroll of noise {unknown}
 l - 5 scrolls of teleportation {unknown}
 m - 2 scrolls of fog {unknown}
 o - a scroll of blinking {unknown}
 q - a scroll of enchant weapon {unknown}
Potions
 s - a potion of resistance {unknown}


   Skills:
 - Level 2.3 Fighting
 + Level 1.3 Short Blades
 + Level 3.6 Dodging
 * Level 4.6 Stealth
 - Level 3.0 Unarmed Combat
 - Level 4.0 Evocations


You had 5 spell levels left.
You didn't know any spells.
Your spell library contained the following spells:

 Spells                   Type           Power      Damage    Failure   Level
 Blink                    Tloc           0%         N/A       43%         2
 Momentum Strike          Conj/Tloc      0%         3d8       43%         2
 Lesser Beckoning         Tloc           0%         N/A       67%         3


Dungeon Overview and Level Annotations

Branches:
Dungeon (5/15)              Sewer (1/1)
 Temple: D:4-7

Altars:


Innate Abilities, Weirdness & Mutations

You cannot wear most types of armour.
You are amphibious.
You can wear up to eight rings at the same time.
Your skin changes colour to match your surroundings (Stealth+).
Your rubbery body absorbs attacks. (AC +1, EV +1)
You are camouflaged when in or above water. (Stealth+)
You have tentacles for arms and can constrict up to eight enemies at once.


Message History

You are no longer poisoned.
You feel yourself speed up.
Things that are here:
a +0 dagger; a curare-tipped dart; a kobold corpse
a - a curare-tipped dart A kobold brigand is nearby!
What are your orders? t - Shout!
Orders for allies: a - Attack new target. r - Retreat! s - Stop attacking. g - Guard the area. f - Follow me.
Anything else - Cancel.
You shout for attention!
You hear a shout!
What are your orders? t - Shout!
Orders for allies: a - Attack new target. r - Retreat! s - Stop attacking. g - Guard the area. f - Follow me.
Anything else - Cancel.
You shout for attention!
Aiming: Throw Flame
Press: ? - help, Shift-Dir - straight line, f/p - kobold brigand
Aim: a kobold brigand, wielding a +1 dagger of electrocution and quivering poisoned darts (moderately wounded, 64% to hit)
You start resting.
Aiming: Throw Flame
Press: ? - help, Shift-Dir - straight line, f/p - kobold brigand
Aim: a kobold brigand, wielding a +1 dagger of electrocution and quivering poisoned darts (heavily wounded, wandering, hasn't noticed you, 64% to hit)
You hear a splash. x2
You feel a bit more experienced.
Your Short Blades skill increases to level 1!
Okay, then.
The kobold brigand throws a curare-tipped dart.
The curare-tipped dart hits you.
You are poisoned.
You have difficulty breathing.
* * * LOW HITPOINT WARNING * * *
You feel yourself slow down.
It was a potion of invisibility.
You fade into invisibility!
You die...

##### ##### ##.~~## ##~..##
.~#####..~~.#####.....#
.KK........K~)~~@....~#
?.#####.....#####..~..# ##.†~##
##~~~## ##~## ##~## #~# #~# #~#
#~# ##~## ##~## ##### ##~..##
##...## ##~~.##
~.####~~...#####.~..~####~...~#


You could see a kobold brigand (unable to see you).

Vanquished Creatures
  3 kobold brigands (Sewer)
  An orc priest (D:4)
  An iguana (D:5)
  An orc wizard (D:4)
  A river rat (D:5)
  2 worms (Sewer)
  A dart slug (D:3)
  4 orcs
  3 ball pythons (Sewer)
  4 endoplasms
  2 giant cockroaches
  3 goblins (D:4)
  2 hobgoblins
  2 kobolds (Sewer)
  2 bats (D:3)
  A rat (Sewer)
33 creatures vanquished.

Vanquished Creatures (collateral kills)
  A worm (D:2)
  A hobgoblin (D:2)
2 creatures vanquished.

Grand Total: 35 creatures vanquished

Notes
Turn   | Place    | Note
-------+----------+-------------------------------------------
     0 | D:1      | M4edhros the Octopode Artificer began the quest for the
                  | Orb.
     0 | D:1      | Reached XP level 1. HP: 13/13 MP: 1/1
    41 | D:1      | Found a faded altar of an unknown god.
   170 | D:2      | Reached XP level 2. HP: 17/18 MP: 2/2
   229 | D:3      | Reached skill level 1 in Unarmed Combat
   475 | D:4      | Reached XP level 3. HP: 12/23 MP: 3/3
   550 | D:4      | Reached XP level 4. HP: 20/29 MP: 4/4
   614 | D:5      | Entered Level 5 of the Dungeon
   631 | D:5      | Found a glowing drain.
   640 | D:5      | Reached XP level 5. HP: 32/34 MP: 5/5
   646 | Sewer    | Entered a sewer
   697 | Sewer    | Noticed a kobold brigand
   709 | Sewer    | Killed a kobold brigand
   838 | Sewer    | Noticed a kobold brigand
   838 | Sewer    | Noticed a kobold brigand
   839 | Sewer    | Noticed a kobold brigand
   858 | Sewer    | Killed a kobold brigand
   859 | Sewer    | Reached XP level 6. HP: 10/40 MP: 6/6
   892 | Sewer    | Reached skill level 1 in Short Blades
   897 | Sewer    | Succumbed to a kobold brigand's curare-tipped dart

Illustrated notes

Levels and vault maps discovered:
D:1:      amcnicky_arrival_double_pillar, layout_basic,
          shapermc_ecumenical_altar_notcrosses
D:2:      layout_basic
D:3:      layout_loops_ring, mainiacjoe_overflow_cross_hatched,
          guppyfry_early_lair_pool, uniq_crazy_yiuf_cottage
D:4:      layout_basic, serial_shops, nicolae_shop_bloodbath_and_beyond,
          minmay_joined_circles
D:5:      layout_basic, portal_sewer_entry_b, nicolae_underground_beach
Sewer:    sewer_co_15_rooms

Skill      XL: |  1  2  3  4  5  6 |
---------------+-------------------+-----
Unarmed Combat | 1 2 3 |  3.0
Stealth        | 2 4 |  4.6
Dodging        | 3 |  3.6
Fighting       | 2 |  2.3
Evocations     | 4 |  4.0
Short Blades   | 1 |  1.3

Action                   |  1- 3 |  4- 6 || total
-------------------------+-------+-------++-------
Melee: Unarmed           |    31 |    30 ||    61
       Tentacles         |     6 |    13 ||    19
       Constrict         |     9 |     9 ||    18
       Dagger            |       |    12 ||    12
       Punch             |       |     1 ||     1
Evoke: Wand              |     4 |     8 ||    12
  Use: Potion            |       |     2 ||     2
 Stab: Sleeping          |     4 |     2 ||     6
Armor: Skin              |     9 |     3 ||    12
Dodge: Dodged            |    31 |    17 ||    48

Table legend: (Time is in decaauts)
 A = Elapsed time spent in this place.
 B = Non-inter-level travel time spent in this place.
 C = Inter-level travel time spent in this place.
 D = Time resting spent in this place.
 E = Time spent auto-exploring this place.
 F = Levels seen in this place.
 G = Mean time per level.
                   A        B        C        D        E       F      G
               +--------+--------+--------+--------+--------+-----+--------+
         Total |    902 |    868 |     34 |     57 |    369 |   6 |  150.3 |
       Dungeon |    643 |    609 |     34 |     53 |    264 |   5 |  128.6 |
         Sewer |    259 |    259 |      0 |      4 |    105 |   1 |  259.0 |
               +--------+--------+--------+--------+--------+-----+--------+

Top non-repeatable levels by time:
     D:4: 269 daAuts
   Sewer: 259 daAuts
     D:3: 163 daAuts
     D:2: 111 daAuts
     D:1: 68 daAuts
     D:5: 31 daAuts
